Map: Shadowed Jungle

Players

Yata - Winner!

  • Race: Zerg Zerg
  • League: Platinum
  • Spawn Location: 1:00

SHreddedWInd - Winner!

  • Race: Protoss Protoss
  • League: Diamond
  • Spawn Location: 11:00

A.I. 2 (Easy)

  • Race: Zerg Zerg
  • Spawn Location: 5:00

A.I. 3 (Easy)

  • Race: Protoss Protoss
  • Spawn Location: 7:00

VOD

Have the link to the VOD?

Description

Time

  • Played on: Sept. 30, 2017, 7:10 p.m.
  • Length: 7:12
Show
View Real Time Build Order
Export as new Build Order

Yata Zerg - Winner!

Build Orders: Hatch First 

Get SALT Encoding   

  12  0:06  Drone  
  13  0:12  Drone  
  14  0:17  Overlord  
  14  0:36  Drone x2  
  14  0:39  Drone  
  18  0:57  Drone  
  18  1:01  Hatchery  
  18  1:02  Drone  
  18  1:11  Extractor  
  17  1:18  Spawning Pool  
  17  1:20  Drone  
  17  1:23  Drone  
  18  1:32  Drone  
  19  1:51  Overlord  
  19  1:59  Drone  
  20  2:06  Queen  
  22  2:13  Queen  
  22  2:15  Metabolic Boost  
  24  2:17  Zergling x4  
  24  2:20  Drone  
  27  2:27  Drone x2  
  29  2:37  Drone x2  
  31  2:51  Evolution Chamber  
  30  2:53  Baneling Nest  
  30  2:54  Drone x2  
  31  3:02  Drone x2  
  33  3:11  Drone x2  
  33  3:20  Zergling x4  
  33  3:26  Overlord x2  
  35  3:38  Zerg Melee Weapons Level 1  
  35  3:46  Zergling x12  
  41  4:16  Drone  
  43  4:17  Drone x4  
  43  4:18  Drone  
  44  4:40  Zergling x14  
  48  5:05  Hatchery  
  47  5:10  Zergling x2  
  47  5:11  Zergling x8  
  47  5:13  Hatchery  
  51  5:16  Overlord  
  51  5:28  Zergling x4  
  52  5:45  Baneling x3  
  52  5:46  Baneling x3  
  52  5:47  Lair  
  52  5:51  Extractor  
  52  5:53  Overlord x3  
  52  5:54  Extractor  
  50  5:58  Zergling x2  
  50  5:59  Zergling x16, Extractor  
  58  6:12  Queen  
  58  6:18  Drone x3  
  63  6:32  Zergling x16  
  62  6:45  Zergling x2  
  62  6:46  Zergling x6  
  66  6:52  Zergling x18  
Show
View Real Time Build Order
Export as new Build Order

SHreddedWInd Protoss - Winner!

Build Orders:  

Get SALT Encoding   

  12  0:01  Probe (Chrono Boost)  
  13  0:11  Probe (Chrono Boost)  
  14  0:19  Pylon  
  14  0:23  Probe (Chrono Boost)  
  15  0:37  Probe (Chrono Boost)  
  16  0:44  Gateway  
  16  0:46  Assimilator  
  16  0:49  Probe (Chrono Boost)  
  17  0:59  Probe (Chrono Boost)  
  18  1:10  Probe (Chrono Boost)  
  19  1:14  Pylon  
  19  1:19  Assimilator  
  19  1:20  Probe (Chrono Boost)  
  20  1:31  Probe (Chrono Boost)  
  21  1:34  Cybernetics Core  
  21  1:41  Probe (Chrono Boost)  
  21  1:43  Zealot  
  24  2:08  Nexus  
  24  2:15  Pylon  
  26  2:23  Mothership Core (Chrono Boost)  
  26  2:25  Warp Gate (Chrono Boost)  
  26  2:41  Probe (Chrono Boost)  
  27  2:46  Robotics Facility  
  27  2:51  Gateway  
  27  3:01  Gateway  
  27  3:04  Probe (Chrono Boost)  
  28  3:19  Probe  
  29  3:21  Probe  
  30  3:31  Probe  
  30  3:32  Probe  
  36  3:35  Warp Prism  
  34  3:49  Gateway x2  
  34  3:54  Gateway  
  34  3:56  Probe  
  34  3:57  Probe  
  36  4:16  Pylon  
  36  4:17  Gateway  
  36  4:25  Probe  
  36  4:28  Probe  
  36  4:30  Observer  
  39  4:36  Probe  
  39  4:38  Adept x3  
  42  4:40  Probe  
  47  4:47  Stalker x2  
  51  5:00  Stalker  
  51  5:01  Stalker x2  
  57  5:13  Probe  
  57  5:14  Probe  
  59  5:24  Probe  
  59  5:26  Probe  
  61  5:33  Nexus  
  61  5:52  Pylon  
  61  5:54  Pylon  
  61  5:56  Pylon  
  61  5:57  Pylon, Forge  
  61  6:05  Probe  
  61  6:09  Probe  
  63  6:11  Zealot x3  
  63  6:12  Zealot x2  
  63  6:16  Adept  
  63  6:18  Adept, Probe  
  78  6:19  Probe  
  79  6:41  Stalker x4  
  79  6:42  Stalker  
  79  6:43  Zealot  
  79  6:45  Sentry  
  91  7:04  Adept x3  
  91  7:05  Adept x3  
Show
View Real Time Build Order
Export as new Build Order

A.I. 2 (Easy) Zerg 

Build Orders: Pool Only 

Get SALT Encoding   

  12  0:01  Drone  
  13  0:12  Overlord  
  13  0:17  Drone  
  14  0:30  Drone  
  14  0:35  Drone  
  16  0:45  Spawning Pool  
  16  0:46  Extractor  
  16  0:48  Drone  
  15  0:53  Drone  
  16  1:00  Overlord  
  16  1:33  Queen  
  16  1:34  Zergling x2  
  16  1:36  Roach Warren  
  16  1:38  Extractor, Drone  
  18  1:44  Drone  
  19  1:57  Zergling x2  
  20  2:07  Overlord  
  20  2:21  Roach  
  22  2:37  Drone  
  22  2:43  Drone  
  24  2:45  Roach  
  26  2:53  Overlord  
  26  2:58  Drone  
  27  3:03  Drone  
  28  3:07  Drone  
  32  3:12  Roach, Drone  
  32  3:36  Roach  
  34  4:00  Roach  
  35  4:23  Zergling x2  
  36  4:41  Drone  
  35  4:46  Drone  
  36  5:17  Zergling x2  
  36  6:23  Zergling x2  
  25  6:45  Drone  
  25  6:47  Zergling x2  
  18  6:50  Drone  
  6  6:54  Drone  
  6  6:58  Drone  
Show
View Real Time Build Order
Export as new Build Order

A.I. 3 (Easy) Protoss 

Build Orders:  

Get SALT Encoding   

  12  0:01  Probe (Chrono Boost)  
  13  0:11  Probe (Chrono Boost)  
  14  0:21  Pylon  
  14  0:23  Probe (Chrono Boost)  
  15  0:39  Probe (Chrono Boost)  
  16  0:45  Assimilator  
  16  0:52  Gateway  
  16  0:55  Pylon  
  16  1:20  Assimilator  
  16  1:36  Zealot  
  18  1:40  Cybernetics Core  
  18  2:11  Pylon  
  18  2:14  Warp Gate  
  18  2:15  Probe (Chrono Boost)  
  19  2:16  Stalker  
  21  2:26  Probe (Chrono Boost)  
  22  2:38  Probe (Chrono Boost)  
  23  2:49  Adept, Probe (Chrono Boost)  
  26  3:01  Probe (Chrono Boost)  
  27  3:12  Probe (Chrono Boost)  
  28  3:21  Stalker  
  30  3:53  Adept  
  32  5:08  Probe (Chrono Boost)  
  32  6:25  Probe (Chrono Boost)  
  32  6:32  Stalker  
  34  6:34  Pylon  
  34  6:38  Probe (Chrono Boost)  
  22  6:52  Probe (Chrono Boost)  
  22  6:53  Stalker  
Tags
 
Add a new tag
Caveats
  • Supply blocks, unpowered buildings, or Contaminate may cause inaccurate times.
  • Supply counts are checked every 10 seconds.